[ AOE2 MATCH · #481079111 ]
UnrankedBohemians vs Mongols
[ REPLAY ANALYSIS · EXTRACTED FROM THE RECORDED GAME ]
Feudal
12:00
Castle
15:41
Imperial
22:44
| APM avg | 30.7 |
| APM peak | 68 |
| eAPM avg | 17.6 |
| Villagers / military | 94 / 157 |
Focus
⚔️ 34.7% · 🌾 65.3%
Spearman ×113 · Bombard Cannon ×41 · Monk ×2 · Mangonel ×1
Feudal
13:02
Castle
16:39
Imperial
30:56
| APM avg | 17.9 |
| APM peak | 43 |
| eAPM avg | 13.3 |
| Villagers / military | 122 / 114 |
Focus
⚔️ 18.8% · 🌾 81.2%
Mangudai ×102 · Monk ×6 · Trebuchet (Packed) ×6
Feudal
11:56
Castle
16:41
Imperial
34:25
| APM avg | 34.5 |
| APM peak | 94 |
| eAPM avg | 26.3 |
| Villagers / military | 166 / 267 |
Focus
⚔️ 24.4% · 🌾 75.6%
Spearman ×239 · Longbowman ×26 · Trade Cart ×24 · Monk ×1 · Trebuchet (Packed) ×1
Feudal
10:25
Castle
13:36
Imperial
30:38
| APM avg | 30.7 |
| APM peak | 78 |
| eAPM avg | 22.2 |
| Villagers / military | 146 / 141 |
Focus
⚔️ 29.5% · 🌾 70.5%
War Elephant ×138 · Trade Cart ×28 · Petard ×2 · Monk ×1
Feudal
11:22
Castle
14:58
Imperial
29:20
| APM avg | 35.4 |
| APM peak | 84 |
| eAPM avg | 25.9 |
| Villagers / military | 158 / 158 |
Focus
⚔️ 21.8% · 🌾 78.2%
War Elephant ×140 · Trade Cart ×24 · Camel Scout ×17 · Monk ×1
Feudal
10:05
Castle
13:36
Imperial
28:55
| APM avg | 41.0 |
| APM peak | 90 |
| eAPM avg | 26.2 |
| Villagers / military | 152 / 225 |
Focus
⚔️ 22.1% · 🌾 77.9%
Knight ×118 · Scout Cavalry ×97 · Trade Cart ×23 · Trebuchet (Packed) ×7 · Spearman ×2 · Monk ×1
Feudal
13:54
Castle
22:24
Imperial
—
| APM avg | 20.8 |
| APM peak | 48 |
| eAPM avg | 14.0 |
| Villagers / military | 109 / 138 |
Focus
⚔️ 38.1% · 🌾 61.9%
Spearman ×128 · Scorpion ×10
Feudal
14:15
Castle
17:50
Imperial
38:52
| APM avg | 48.7 |
| APM peak | 109 |
| eAPM avg | 28.5 |
| Villagers / military | 135 / 110 |
Focus
⚔️ 25.6% · 🌾 74.4%
Archer ×108 · Battering Ram ×1 · Plumed Archer ×1
Match map
Initial resources + every placement click. Lines = walls · curves = elevation contours. ◆ gold · ⬟ stone · ● berries · ✦ relic · ◌ wall gap
Your base· ✓ Closed at 15:41 · 15t walls · no gate
trudat's base· ✓ Closed at 16:39 · 17t walls · no gate
Malleeroot's base· ✓ Closed at 16:41 · 29t walls · 1 gate(s)
鼠條's base· ✓ Closed at 13:36 · 18t walls · no gate
鲨丁鱼's base· ✓ Closed at 14:58 · 0t walls · no gate
叶落's base· ✓ Closed at 13:36 · 0t walls · 1 gate(s)
明征北大将军's base· ✓ Closed at 22:24 · 17t walls · no gate
爹地给你买冰红茶喝's base· ✓ Closed at 17:50 · 20t walls · no gate
Smoothed initial terrain · ◌ = detected wall gap · hover for details
Inputs per minute
— 果酱汁鸡 - - trudat
Build order — 果酱汁鸡
First 150 of 290 actions detected
| 0:01 | Create | Villager (Male) ×4 |
| 0:01 | Create | Villager (Male) ×4 |
| 0:02 | Build | House |
| 0:05 | Build | House |
| 1:50 | Create | Villager (Male) |
| 1:50 | Create | Villager (Male) |
| 2:39 | Create | Villager (Male) |
| 2:39 | Create | Villager (Male) |
| 2:49 | Build | Lumber Camp |
| 3:05 | Create | Villager (Male) |
| 3:33 | Create | Villager (Male) |
| 4:00 | Create | Villager (Male) |
| 4:00 | Create | Villager (Male) |
| 4:15 | Create | Villager (Male) |
| 4:16 | Create | Villager (Male) |
| 4:21 | Create | Villager (Male) |
| 4:47 | Build | House |
| 4:54 | Create | Villager (Male) ×2 |
| 5:33 | Create | Villager (Male) |
| 5:55 | Research | Loom |
| 6:05 | Build | Mill |
| 6:20 | Build | House |
| 6:21 | Create | Villager (Male) ×2 |
| 6:36 | Create | Villager (Male) ×4 |
| 7:10 | Build | House |
| 7:22 | Create | Villager (Male) |
| 7:47 | Build | Palisade Wall |
| 8:15 | Create | Villager (Male) |
| 8:16 | Create | Villager (Male) |
| 8:48 | Create | Villager (Male) |
| 9:09 | Build | Mining Camp |
| 9:49 | Research | Feudal Age |
| 9:59 | Build | Palisade Wall |
| 10:01 | Build | Palisade Wall |
| 10:02 | Build | Palisade Wall |
| 10:41 | Build | Mill |
| 10:50 | Create | Villager (Male) |
| 11:34 | Create | Villager (Male) |
| 11:38 | Build | House |
| 12:00 | Age | Feudal Age |
| 12:02 | Build | Market |
| 12:04 | Build | Blacksmith |
| 12:26 | Research | Double-Bit Axe |
| 13:01 | Research | Castle Age |
| 13:01 | Research | Castle Age |
| 13:10 | Research | Horse Collar |
| 13:20 | Build | Farm |
| 13:33 | Build | Farm |
| 13:47 | Build | Farm |
| 14:14 | Build | Farm |
| 14:16 | Build | Farm |
| 14:27 | Build | Farm |
| 14:33 | Build | Farm |
| 14:43 | Build | Farm |
| 14:53 | Build | Farm |
| 14:57 | Create | Villager (Male) |
| 14:57 | Create | Villager (Male) |
| 15:20 | Create | Villager (Male) |
| 15:41 | Age | Castle Age |
| 15:43 | Build | Monastery |
| 15:54 | Build | Farm |
| 16:07 | Build | Farm |
| 16:26 | Build | University |
| 16:40 | Build | Farm |
| 17:08 | Create | Villager (Male) |
| 17:08 | Create | Villager (Male) |
| 17:24 | Build | House |
| 17:38 | Research | Wheelbarrow |
| 17:40 | Create | Monk |
| 17:45 | Research | Heavy Plow |
| 17:50 | Research | Bow Saw |
| 17:57 | Build | House |
| 17:57 | Build | House |
| 18:07 | Build | Farm |
| 18:29 | Build | House |
| 18:59 | Create | Villager (Male) |
| 19:34 | Research | Imperial Age |
| 19:35 | Research | Imperial Age |
| 20:31 | Build | Siege Workshop |
| 20:45 | Build | Lumber Camp |
| 20:59 | Research | Chemistry |
| 21:17 | Research | Heavy Plow |
| 21:17 | Research | Heavy Plow |
| 21:32 | Create | Monk |
| 21:48 | Create | Villager (Male) |
| 22:13 | Build | Outpost |
| 22:17 | Create | Villager (Male) |
| 22:44 | Age | Imperial Age |
| 22:46 | Create | Bombard Cannon |
| 22:47 | Create | Bombard Cannon |
| 22:51 | Create | Villager (Male) |
| 23:10 | Create | Villager (Male) |
| 23:21 | Build | Siege Workshop |
| 23:34 | Build | Mill |
| 23:38 | Build | Siege Workshop |
| 23:44 | Create | Villager (Male) |
| 23:57 | Create | Bombard Cannon |
| 24:05 | Build | Farm |
| 24:20 | Create | Villager (Male) |
| 24:45 | Create | Bombard Cannon |
| 24:45 | Create | Bombard Cannon |
| 24:45 | Create | Bombard Cannon |
| 24:45 | Create | Bombard Cannon |
| 25:07 | Create | Villager (Male) |
| 25:14 | Create | Bombard Cannon |
| 25:21 | Build | House |
| 25:32 | Create | Villager (Male) |
| 25:47 | Create | Villager (Male) |
| 25:49 | Build | Barracks |
| 26:01 | Create | Villager (Male) |
| 26:07 | Create | Bombard Cannon |
| 26:07 | Create | Bombard Cannon |
| 26:32 | Create | Villager (Male) |
| 26:32 | Create | Villager (Male) |
| 27:00 | Create | Bombard Cannon |
| 27:00 | Create | Villager (Male) |
| 27:01 | Create | Villager (Male) |
| 27:05 | Research | Pikeman (upgrade) |
| 27:06 | Create | Spearman |
| 27:29 | Create | Villager (Male) |
| 27:33 | Build | Barracks |
| 27:37 | Create | Spearman |
| 27:53 | Create | Spearman |
| 28:00 | Research | Scale Mail Armor |
| 28:00 | Research | Forging |
| 28:03 | Build | Farm |
| 28:04 | Build | Farm |
| 28:08 | Build | House |
| 28:08 | Build | House |
| 28:08 | Build | House |
| 28:09 | Build | House |
| 28:20 | Create | Spearman |
| 28:20 | Create | Spearman |
| 28:30 | Build | Barracks |
| 28:59 | Create | Spearman |
| 28:59 | Create | Spearman |
| 29:06 | Create | Spearman |
| 29:06 | Create | Spearman |
| 29:11 | Create | Villager (Male) |
| 29:13 | Research | Chain Mail Armor |
| 29:19 | Build | Farm |
| 29:20 | Build | Farm |
| 29:20 | Build | Farm |
| 29:51 | Create | Bombard Cannon |
| 29:52 | Create | Bombard Cannon |
| 29:55 | Create | Villager (Male) ×5 |
| 30:00 | Create | Villager (Male) |
| 30:14 | Create | Spearman |
| 30:14 | Create | Spearman |
| 30:45 | Research | Halberdier (upgrade) |
Build order — trudat
First 150 of 311 actions detected
| 0:02 | Create | Villager (Male) |
| 0:02 | Create | Villager (Male) |
| 0:03 | Create | Villager (Male) |
| 0:03 | Create | Villager (Male) |
| 0:03 | Create | Villager (Male) |
| 0:04 | Build | House |
| 0:05 | Build | House |
| 1:10 | Research | Loom |
| 1:11 | Create | Villager (Male) |
| 1:42 | Build | Palisade Wall |
| 1:59 | Create | Villager (Male) |
| 1:59 | Create | Villager (Male) |
| 2:22 | Create | Villager (Male) |
| 2:22 | Create | Villager (Male) |
| 2:48 | Create | Villager (Male) |
| 3:23 | Create | Villager (Male) |
| 3:23 | Create | Villager (Male) |
| 3:23 | Create | Villager (Male) |
| 3:24 | Create | Villager (Male) |
| 3:47 | Build | Palisade Wall |
| 4:21 | Build | Lumber Camp |
| 4:25 | Create | Villager (Male) |
| 4:25 | Create | Villager (Male) |
| 4:25 | Create | Villager (Male) |
| 5:12 | Build | House |
| 5:45 | Build | House |
| 5:47 | Build | House |
| 6:12 | Create | Villager (Male) |
| 6:12 | Create | Villager (Male) |
| 6:12 | Create | Villager (Male) |
| 6:12 | Create | Villager (Male) |
| 6:27 | Build | House |
| 7:59 | Build | Mill |
| 8:16 | Build | Palisade Wall |
| 8:22 | Create | Villager (Male) |
| 8:23 | Create | Villager (Male) |
| 8:23 | Create | Villager (Male) |
| 8:23 | Create | Villager (Male) |
| 8:23 | Create | Villager (Male) |
| 8:24 | Create | Villager (Male) |
| 8:24 | Create | Villager (Male) |
| 8:24 | Create | Villager (Male) |
| 9:03 | Build | Palisade Wall |
| 9:04 | Build | Palisade Wall |
| 9:46 | Build | Mill |
| 10:19 | Research | Feudal Age |
| 10:55 | Build | Mining Camp |
| 11:03 | Create | Villager (Male) |
| 11:03 | Create | Villager (Male) |
| 13:02 | Age | Feudal Age |
| 13:05 | Build | Market |
| 13:13 | Build | Blacksmith |
| 13:36 | Build | Mining Camp |
| 13:59 | Research | Castle Age |
| 14:25 | Create | Villager (Male) |
| 14:25 | Create | Villager (Male) |
| 14:38 | Research | Horse Collar |
| 14:41 | Research | Double-Bit Axe |
| 15:29 | Build | Outpost |
| 15:40 | Research | Stone Mining |
| 15:50 | Build | Farm |
| 15:50 | Build | Farm |
| 15:51 | Build | Farm |
| 16:00 | Build | Farm |
| 16:39 | Age | Castle Age |
| 17:00 | Build | Town Center |
| 17:14 | Create | Villager (Male) |
| 17:15 | Create | Villager (Male) |
| 17:37 | Build | House |
| 17:44 | Research | Wheelbarrow |
| 18:26 | Build | Castle |
| 18:37 | Build | House |
| 18:40 | Build | Siege Workshop |
| 18:48 | Create | Villager (Male) |
| 18:48 | Create | Villager (Male) |
| 18:48 | Create | Villager (Male) |
| 18:58 | Build | Farm |
| 18:58 | Build | Farm |
| 18:59 | Build | Farm |
| 19:15 | Build | Farm |
| 19:16 | Create | Villager (Male) |
| 19:17 | Create | Villager (Male) |
| 19:51 | Build | Farm |
| 19:55 | Build | Farm |
| 20:08 | Create | Villager (Male) |
| 20:08 | Create | Villager (Male) |
| 20:09 | Create | Villager (Male) |
| 20:09 | Create | Villager (Male) |
| 20:09 | Create | Villager (Male) |
| 20:16 | Build | Farm |
| 20:16 | Build | Farm |
| 20:17 | Build | Farm |
| 20:33 | Research | Gold Mining |
| 20:49 | Create | Villager (Male) |
| 20:49 | Create | Villager (Male) |
| 21:23 | Create | Villager (Male) |
| 21:23 | Create | Villager (Male) |
| 21:23 | Create | Villager (Male) |
| 21:31 | Build | Town Center |
| 21:35 | Create | Villager (Male) |
| 21:35 | Create | Villager (Male) |
| 21:40 | Build | Farm |
| 21:42 | Build | Farm |
| 22:11 | Build | Stone Wall |
| 22:19 | Build | Stone Wall |
| 22:21 | Create | Villager (Male) |
| 22:22 | Create | Villager (Male) |
| 22:33 | Build | Farm |
| 22:34 | Build | Farm |
| 22:34 | Build | Farm |
| 22:34 | Build | Farm |
| 22:35 | Build | Farm |
| 22:49 | Create | Villager (Male) |
| 22:49 | Create | Villager (Male) |
| 22:49 | Create | Villager (Male) |
| 22:49 | Create | Villager (Male) |
| 22:58 | Build | Farm |
| 23:03 | Create | Villager (Male) |
| 23:04 | Create | Villager (Male) |
| 23:26 | Build | Barracks |
| 23:34 | Create | Villager (Male) |
| 23:34 | Create | Villager (Male) |
| 23:34 | Create | Villager (Male) |
| 23:54 | Create | Villager (Male) |
| 24:01 | Research | Town Watch |
| 24:03 | Create | Villager (Male) |
| 24:03 | Create | Villager (Male) |
| 24:05 | Build | Farm |
| 24:05 | Build | Farm |
| 24:06 | Build | Farm |
| 24:09 | Build | Farm |
| 24:09 | Build | Farm |
| 24:09 | Build | Farm |
| 24:14 | Build | Farm |
| 24:38 | Build | House |
| 24:42 | Build | Archery Range |
| 24:45 | Create | Villager (Male) |
| 24:45 | Create | Villager (Male) |
| 24:45 | Create | Villager (Male) |
| 25:13 | Build | Castle |
| 25:16 | Create | Villager (Male) |
| 25:17 | Create | Villager (Male) |
| 25:17 | Create | Villager (Male) |
| 25:20 | Research | Hand Cart |
| 25:44 | Build | Farm |
| 25:44 | Build | Farm |
| 25:44 | Build | Farm |
| 25:44 | Build | Farm |
| 25:45 | Build | Farm |
| 25:52 | Create | Villager (Male) |
Build order — Malleeroot
First 150 of 386 actions detected
| 0:01 | Create | Villager (Male) |
| 0:02 | Build | House |
| 0:03 | Build | House |
| 0:04 | Research | Loom |
| 0:24 | Create | Villager (Male) |
| 0:31 | Create | Villager (Male) |
| 0:37 | Create | Villager (Male) |
| 1:08 | Build | Palisade Wall |
| 1:45 | Create | Villager (Male) |
| 2:00 | Build | Lumber Camp |
| 2:19 | Create | Villager (Male) |
| 2:19 | Create | Villager (Male) |
| 2:47 | Create | Villager (Male) |
| 3:09 | Create | Villager (Male) |
| 3:10 | Create | Villager (Male) |
| 3:27 | Build | Palisade Wall |
| 3:36 | Create | Villager (Male) |
| 4:10 | Create | Villager (Male) |
| 4:40 | Create | Villager (Male) |
| 4:40 | Create | Villager (Male) |
| 4:48 | Build | Palisade Wall |
| 5:00 | Create | Villager (Male) |
| 5:10 | Build | House |
| 5:14 | Create | Villager (Male) |
| 5:56 | Create | Villager (Male) |
| 6:07 | Create | Villager (Male) |
| 6:10 | Create | Villager (Male) |
| 6:38 | Create | Villager (Male) |
| 6:40 | Create | Villager (Male) |
| 7:15 | Build | Mill |
| 7:43 | Build | House |
| 7:51 | Build | Palisade Wall |
| 7:53 | Build | Palisade Wall |
| 8:07 | Build | Palisade Wall |
| 8:17 | Build | Palisade Wall |
| 8:27 | Create | Villager (Male) |
| 8:45 | Create | Villager (Male) |
| 8:46 | Create | Villager (Male) |
| 9:05 | Build | Palisade Gate |
| 9:07 | Build | Palisade Wall |
| 9:15 | Create | Villager (Male) |
| 9:16 | Build | Mining Camp |
| 9:22 | Build | Mill |
| 9:31 | Build | House |
| 9:46 | Research | Feudal Age |
| 10:08 | Build | Outpost |
| 10:13 | Create | Villager (Male) |
| 10:53 | Create | Villager (Male) |
| 11:26 | Create | Villager (Male) |
| 11:56 | Age | Feudal Age |
| 12:02 | Build | Blacksmith |
| 12:11 | Build | Market |
| 12:13 | Create | Villager (Male) |
| 12:24 | Build | Stone Wall |
| 12:25 | Build | Stone Wall |
| 12:38 | Create | Villager (Male) |
| 12:52 | Build | Farm |
| 12:54 | Build | Farm |
| 12:57 | Build | Farm |
| 12:58 | Create | Villager (Male) |
| 13:01 | Build | Farm |
| 13:21 | Build | Farm |
| 13:22 | Create | Villager (Male) |
| 13:55 | Research | Castle Age |
| 14:25 | Build | Mining Camp |
| 15:06 | Build | Outpost |
| 15:09 | Build | Outpost |
| 15:16 | Create | Villager (Male) |
| 15:26 | Research | Double-Bit Axe |
| 15:40 | Research | Stone Mining |
| 15:56 | Create | Villager (Male) |
| 16:41 | Research | Horse Collar |
| 16:41 | Age | Castle Age |
| 16:43 | Create | Villager (Male) |
| 17:06 | Create | Villager (Male) |
| 17:10 | Build | House |
| 17:10 | Build | House |
| 17:14 | Research | Wheelbarrow |
| 17:14 | Research | Town Watch |
| 17:33 | Build | Castle |
| 17:36 | Create | Villager (Male) |
| 17:38 | Create | Villager (Male) |
| 17:51 | Create | Villager (Male) |
| 18:06 | Create | Villager (Male) |
| 18:24 | Build | House |
| 18:25 | Build | House |
| 18:25 | Build | House |
| 18:26 | Build | House |
| 18:31 | Create | Villager (Male) |
| 19:03 | Research | Bow Saw |
| 19:04 | Create | Villager (Male) |
| 19:45 | Build | Stone Wall |
| 19:47 | Build | Gate |
| 19:50 | Create | Villager (Male) |
| 19:52 | Build | Farm |
| 19:53 | Build | Farm |
| 19:55 | Create | Villager (Male) |
| 20:01 | Build | Lumber Camp |
| 20:18 | Create | Villager (Male) |
| 20:19 | Build | House |
| 20:20 | Build | House |
| 20:35 | Create | Villager (Male) |
| 20:54 | Research | Fletching |
| 21:09 | Build | Town Center |
| 21:21 | Build | Farm |
| 21:22 | Create | Villager (Male) |
| 21:36 | Build | Outpost |
| 21:53 | Build | Monastery |
| 21:55 | Create | Villager (Male) ×5 |
| 22:03 | Create | Villager (Male) ×3 |
| 22:25 | Create | Villager (Male) ×5 |
| 22:28 | Create | Villager (Male) |
| 22:42 | Create | Monk |
| 22:54 | Build | Farm |
| 22:55 | Create | Villager (Male) ×3 |
| 23:07 | Build | Town Center |
| 23:15 | Create | Villager (Male) ×5 |
| 23:38 | Create | Villager (Male) ×5 |
| 24:09 | Build | Town Center |
| 24:16 | Create | Villager (Male) ×5 |
| 24:29 | Research | Heavy Plow |
| 24:32 | Create | Villager (Male) ×5 |
| 24:34 | Build | Farm |
| 24:35 | Build | Farm |
| 24:36 | Build | Farm |
| 24:44 | Create | Villager (Male) |
| 25:00 | Build | Farm |
| 25:03 | Build | Farm |
| 25:05 | Build | Farm |
| 25:08 | Build | Farm |
| 25:09 | Create | Villager (Male) ×2 |
| 25:18 | Create | Villager (Male) |
| 25:39 | Build | Farm |
| 25:40 | Build | Farm |
| 25:43 | Create | Villager (Male) |
| 25:43 | Create | Villager (Male) |
| 25:48 | Create | Villager (Male) ×2 |
| 25:51 | Build | Farm |
| 25:54 | Build | Farm |
| 25:55 | Create | Villager (Male) |
| 26:02 | Create | Villager (Male) |
| 26:13 | Build | Mining Camp |
| 26:15 | Create | Villager (Male) |
| 26:20 | Build | Farm |
| 26:20 | Build | Farm |
| 26:34 | Build | Mining Camp |
| 26:35 | Create | Villager (Male) ×3 |
| 26:41 | Build | Mining Camp |
| 26:43 | Create | Villager (Male) ×2 |
| 26:48 | Build | Farm |
Build order — 鼠條
First 150 of 480 actions detected
| 0:01 | Create | Villager (Male) ×5 |
| 0:02 | Build | House |
| 0:05 | Build | House |
| 1:28 | Create | Villager (Male) |
| 1:44 | Build | Lumber Camp |
| 2:00 | Create | Villager (Male) |
| 2:15 | Create | Villager (Male) |
| 2:15 | Create | Villager (Male) |
| 2:49 | Create | Villager (Male) |
| 3:02 | Create | Villager (Male) |
| 3:45 | Create | Villager (Male) |
| 3:47 | Build | House |
| 3:47 | Build | House |
| 4:04 | Build | Mill |
| 4:20 | Create | Villager (Male) |
| 4:20 | Create | Villager (Male) |
| 4:20 | Create | Villager (Male) |
| 5:02 | Build | Palisade Wall |
| 5:03 | Build | Palisade Wall |
| 5:06 | Create | Villager (Male) |
| 5:11 | Build | House |
| 5:30 | Create | Villager (Male) |
| 5:45 | Build | Mill |
| 5:47 | Create | Villager (Male) |
| 6:10 | Create | Villager (Male) |
| 7:07 | Create | Villager (Male) |
| 7:07 | Create | Villager (Male) |
| 7:07 | Create | Villager (Male) |
| 7:45 | Build | House |
| 8:20 | Research | Feudal Age |
| 8:30 | Build | Mining Camp |
| 8:35 | Build | Palisade Wall |
| 8:36 | Build | Palisade Wall |
| 8:37 | Build | Palisade Wall |
| 9:27 | Create | Villager (Male) |
| 9:28 | Create | Villager (Male) |
| 10:25 | Age | Feudal Age |
| 10:26 | Build | Market |
| 10:41 | Build | Blacksmith |
| 11:10 | Research | Castle Age |
| 11:11 | Research | Castle Age |
| 11:54 | Research | Double-Bit Axe |
| 12:08 | Build | Lumber Camp |
| 12:51 | Create | Villager (Male) |
| 13:36 | Age | Castle Age |
| 13:43 | Build | Town Center |
| 13:45 | Create | Villager (Male) |
| 13:48 | Build | Town Center |
| 13:57 | Research | Horse Collar |
| 14:10 | Create | Villager (Male) |
| 14:12 | Build | House |
| 14:14 | Build | Farm |
| 14:16 | Build | Farm |
| 14:25 | Build | House |
| 14:33 | Create | Villager (Male) |
| 14:36 | Build | Farm |
| 14:39 | Build | Farm |
| 14:46 | Build | House |
| 14:51 | Build | House |
| 14:53 | Build | House |
| 14:58 | Build | Farm |
| 15:00 | Create | Villager (Male) |
| 15:10 | Create | Villager (Male) |
| 15:14 | Build | Farm |
| 15:19 | Create | Villager (Male) |
| 15:30 | Build | Farm |
| 15:32 | Build | Farm |
| 15:34 | Create | Villager (Male) |
| 15:42 | Create | Villager (Male) |
| 15:45 | Build | House |
| 15:46 | Create | Villager (Male) |
| 15:51 | Create | Villager (Male) |
| 15:52 | Build | Farm |
| 16:01 | Build | Farm |
| 16:02 | Create | Villager (Male) |
| 16:08 | Build | House |
| 16:12 | Create | Villager (Male) |
| 16:20 | Create | Villager (Male) |
| 16:23 | Build | Farm |
| 16:31 | Build | Farm |
| 16:32 | Create | Villager (Male) |
| 16:37 | Build | Farm |
| 16:39 | Create | Villager (Male) |
| 16:48 | Create | Villager (Male) |
| 16:53 | Create | Villager (Male) |
| 16:59 | Build | Farm |
| 17:03 | Build | House |
| 17:05 | Build | House |
| 17:07 | Build | House |
| 17:08 | Create | Villager (Male) |
| 17:16 | Build | Farm |
| 17:17 | Create | Villager (Male) |
| 17:17 | Create | Villager (Male) |
| 17:22 | Build | Farm |
| 17:23 | Create | Villager (Male) |
| 17:29 | Build | Farm |
| 17:35 | Create | Villager (Male) |
| 17:38 | Build | Farm |
| 17:43 | Build | Farm |
| 17:44 | Create | Villager (Male) |
| 17:49 | Create | Villager (Male) |
| 17:50 | Create | Villager (Male) |
| 17:51 | Build | Farm |
| 18:00 | Build | Farm |
| 18:01 | Create | Villager (Male) |
| 18:11 | Build | Farm |
| 18:12 | Create | Villager (Male) |
| 18:15 | Build | Farm |
| 18:16 | Create | Villager (Male) |
| 18:16 | Create | Villager (Male) |
| 18:29 | Build | Farm |
| 18:29 | Create | Villager (Male) |
| 18:35 | Build | Farm |
| 18:37 | Create | Villager (Male) |
| 18:37 | Create | Villager (Male) |
| 18:40 | Build | Farm |
| 18:44 | Build | House |
| 18:45 | Build | House |
| 18:46 | Build | House |
| 18:47 | Create | Villager (Male) ×2 |
| 18:58 | Create | Villager (Male) |
| 19:03 | Build | Stone Wall |
| 19:09 | Build | Stone Wall |
| 19:11 | Build | Stone Wall |
| 19:13 | Create | Villager (Male) ×3 |
| 19:19 | Build | Farm |
| 19:20 | Build | Farm |
| 19:21 | Build | Farm |
| 19:22 | Create | Villager (Male) |
| 19:22 | Create | Villager (Male) |
| 19:25 | Build | House |
| 19:31 | Create | Villager (Male) |
| 19:36 | Create | Villager (Male) |
| 19:42 | Create | Villager (Male) |
| 19:44 | Build | Town Center |
| 19:45 | Create | Villager (Male) |
| 19:45 | Create | Villager (Male) |
| 19:54 | Create | Villager (Male) |
| 20:04 | Create | Villager (Male) |
| 20:06 | Build | Farm |
| 20:11 | Build | Farm |
| 20:14 | Create | Villager (Male) |
| 20:25 | Build | House |
| 20:27 | Build | House |
| 20:28 | Create | Villager (Male) |
| 20:30 | Create | Villager (Male) |
| 20:34 | Research | Wheelbarrow |
| 20:39 | Create | Villager (Male) |
| 20:42 | Build | Farm |
| 20:44 | Create | Villager (Male) |
Build order — 鲨丁鱼
First 150 of 567 actions detected
| 0:02 | Build | House |
| 0:02 | Create | Villager (Male) |
| 0:03 | Create | Villager (Male) |
| 0:03 | Create | Villager (Male) |
| 0:06 | Build | House |
| 0:07 | Create | Villager (Male) |
| 0:08 | Create | Villager (Male) |
| 0:08 | Create | Villager (Male) |
| 1:24 | Create | Villager (Male) |
| 2:14 | Create | Villager (Male) |
| 2:14 | Create | Villager (Male) |
| 2:32 | Build | Lumber Camp |
| 2:45 | Create | Villager (Male) |
| 2:57 | Build | House |
| 2:59 | Build | House |
| 3:40 | Create | Villager (Male) |
| 3:49 | Create | Villager (Male) |
| 4:13 | Build | Mill |
| 4:19 | Create | Villager (Male) |
| 4:29 | Create | Villager (Male) |
| 5:07 | Create | Villager (Male) |
| 5:32 | Create | Villager (Male) |
| 5:37 | Build | Mill |
| 5:42 | Build | Farm |
| 5:57 | Create | Villager (Male) |
| 6:28 | Create | Villager (Male) |
| 6:35 | Build | Farm |
| 6:39 | Create | Villager (Male) |
| 6:45 | Build | Farm |
| 7:09 | Build | House |
| 7:10 | Create | Villager (Male) |
| 7:31 | Build | House |
| 7:43 | Create | Villager (Male) |
| 7:49 | Create | Villager (Male) |
| 7:59 | Build | Farm |
| 8:05 | Create | Villager (Male) |
| 8:39 | Build | House |
| 8:53 | Create | Villager (Male) |
| 9:07 | Build | Mining Camp |
| 9:17 | Research | Feudal Age |
| 11:22 | Age | Feudal Age |
| 11:29 | Build | Market |
| 11:34 | Build | Blacksmith |
| 11:48 | Create | Villager (Male) |
| 11:48 | Create | Villager (Male) |
| 12:26 | Build | Farm |
| 12:29 | Research | Castle Age |
| 12:34 | Build | Farm |
| 12:37 | Build | Farm |
| 13:01 | Research | Double-Bit Axe |
| 13:20 | Research | Horse Collar |
| 13:54 | Build | Mill |
| 14:20 | Build | House |
| 14:50 | Create | Villager (Male) |
| 14:51 | Create | Villager (Male) |
| 14:58 | Age | Castle Age |
| 15:00 | Build | House |
| 15:12 | Build | Town Center |
| 15:25 | Build | Town Center |
| 15:34 | Create | Villager (Male) |
| 15:34 | Create | Villager (Male) |
| 15:47 | Build | Farm |
| 15:52 | Build | Farm |
| 15:59 | Build | House |
| 16:01 | Build | House |
| 16:06 | Create | Villager (Male) |
| 16:07 | Create | Villager (Male) |
| 16:08 | Create | Villager (Male) |
| 16:28 | Build | Farm |
| 16:42 | Build | House |
| 16:43 | Build | House |
| 16:44 | Create | Villager (Male) |
| 16:45 | Create | Villager (Male) |
| 17:01 | Create | Villager (Male) |
| 17:02 | Create | Villager (Male) |
| 17:08 | Build | Farm |
| 17:12 | Build | Farm |
| 17:15 | Create | Villager (Male) |
| 17:16 | Create | Villager (Male) |
| 17:26 | Build | Farm |
| 17:29 | Create | Villager (Male) |
| 17:29 | Create | Villager (Male) |
| 17:39 | Create | Villager (Male) |
| 17:44 | Build | Farm |
| 17:52 | Build | Farm |
| 17:55 | Create | Villager (Male) |
| 17:55 | Create | Villager (Male) |
| 17:56 | Create | Villager (Male) |
| 18:09 | Create | Villager (Male) |
| 18:13 | Build | Farm |
| 18:20 | Build | Farm |
| 18:23 | Create | Villager (Male) |
| 18:23 | Create | Villager (Male) |
| 18:27 | Build | Farm |
| 18:31 | Build | House |
| 18:32 | Build | House |
| 18:33 | Build | House |
| 18:36 | Create | Villager (Male) |
| 18:36 | Create | Villager (Male) |
| 18:45 | Build | Farm |
| 18:48 | Create | Villager (Male) |
| 18:49 | Create | Villager (Male) |
| 19:06 | Build | Monastery |
| 19:10 | Create | Villager (Male) |
| 19:10 | Create | Villager (Male) |
| 19:21 | Build | Farm |
| 19:22 | Build | Farm |
| 19:29 | Create | Villager (Male) |
| 19:30 | Create | Villager (Male) |
| 19:34 | Build | Farm |
| 19:35 | Build | Farm |
| 19:37 | Build | Farm |
| 19:38 | Build | Farm |
| 19:40 | Create | Villager (Male) |
| 19:40 | Create | Villager (Male) |
| 19:44 | Build | Farm |
| 19:50 | Create | Villager (Male) |
| 19:50 | Create | Villager (Male) |
| 20:08 | Research | Bow Saw |
| 20:09 | Create | Villager (Male) |
| 20:09 | Create | Villager (Male) |
| 20:10 | Create | Villager (Male) |
| 20:19 | Build | House |
| 20:20 | Build | House |
| 20:29 | Build | Farm |
| 20:30 | Build | Farm |
| 20:30 | Build | Farm |
| 20:33 | Create | Villager (Male) |
| 20:33 | Create | Villager (Male) |
| 20:33 | Create | Villager (Male) |
| 20:39 | Build | Farm |
| 20:40 | Build | Farm |
| 20:41 | Build | Farm |
| 20:48 | Create | Villager (Male) |
| 20:48 | Create | Villager (Male) |
| 20:48 | Create | Villager (Male) |
| 21:04 | Create | Villager (Male) |
| 21:14 | Build | Town Center |
| 21:27 | Research | Wheelbarrow |
| 21:27 | Research | Wheelbarrow |
| 21:29 | Create | Villager (Male) |
| 21:31 | Create | Villager (Male) |
| 21:38 | Create | Villager (Male) |
| 21:38 | Create | Villager (Male) |
| 21:42 | Build | Farm |
| 21:43 | Build | Farm |
| 21:46 | Build | Mill |
| 21:56 | Create | Villager (Male) |
| 22:02 | Build | Farm |
| 22:04 | Build | Farm |
Build order — 叶落
First 150 of 456 actions detected
| 0:00 | Create | Villager (Male) |
| 0:00 | Create | Villager (Male) |
| 0:01 | Create | Villager (Male) |
| 0:01 | Create | Villager (Male) |
| 0:02 | Build | House |
| 0:03 | Build | House |
| 0:55 | Create | Villager (Male) |
| 0:55 | Create | Villager (Male) |
| 1:34 | Create | Villager (Male) |
| 2:27 | Create | Villager (Male) |
| 2:27 | Create | Villager (Male) |
| 2:51 | Create | Villager (Male) |
| 3:06 | Build | Lumber Camp |
| 3:09 | Create | Villager (Male) |
| 3:37 | Create | Villager (Male) |
| 3:57 | Build | House |
| 4:19 | Create | Villager (Male) |
| 5:03 | Create | Villager (Male) |
| 5:08 | Build | House |
| 5:39 | Create | Villager (Male) |
| 5:40 | Build | Mill |
| 6:02 | Create | Villager (Male) |
| 6:27 | Create | Villager (Male) |
| 6:32 | Create | Villager (Male) |
| 6:32 | Create | Villager (Male) |
| 6:54 | Create | Villager (Male) |
| 7:05 | Build | Palisade Gate |
| 7:21 | Build | House |
| 7:31 | Build | House |
| 7:48 | Research | Feudal Age |
| 8:16 | Create | Villager (Male) |
| 8:17 | Create | Villager (Male) |
| 10:05 | Age | Feudal Age |
| 10:07 | Build | Market |
| 10:09 | Build | Blacksmith |
| 10:36 | Research | Double-Bit Axe |
| 10:56 | Research | Castle Age |
| 11:33 | Research | Horse Collar |
| 11:49 | Build | House |
| 11:53 | Build | House |
| 12:19 | Build | Farm |
| 12:20 | Build | Farm |
| 12:23 | Build | Farm |
| 12:33 | Create | Villager (Male) |
| 12:33 | Create | Villager (Male) |
| 13:36 | Age | Castle Age |
| 13:37 | Build | Town Center |
| 13:42 | Build | Town Center |
| 13:53 | Create | Villager (Male) |
| 14:01 | Create | Villager (Male) |
| 14:03 | Build | Farm |
| 14:19 | Create | Villager (Male) |
| 14:28 | Build | Farm |
| 14:47 | Create | Villager (Male) |
| 14:51 | Create | Villager (Male) |
| 14:53 | Create | Villager (Male) |
| 14:58 | Create | Villager (Male) |
| 14:58 | Create | Villager (Male) |
| 14:58 | Create | Villager (Male) |
| 14:58 | Create | Villager (Male) |
| 14:59 | Create | Villager (Male) |
| 15:01 | Build | Farm |
| 15:15 | Build | Farm |
| 15:16 | Build | Farm |
| 15:19 | Build | Farm |
| 15:19 | Create | Villager (Male) |
| 15:22 | Build | Farm |
| 15:31 | Create | Villager (Male) |
| 15:44 | Build | Farm |
| 15:47 | Build | Farm |
| 15:52 | Build | Farm |
| 15:57 | Build | Farm |
| 15:57 | Create | Villager (Male) |
| 16:00 | Build | Farm |
| 16:17 | Build | House |
| 16:19 | Create | Villager (Male) |
| 16:24 | Build | House |
| 16:28 | Create | Villager (Male) |
| 16:31 | Build | Farm |
| 16:34 | Build | Farm |
| 16:37 | Build | Farm |
| 16:41 | Build | Farm |
| 16:42 | Create | Villager (Male) |
| 16:43 | Build | Farm |
| 16:52 | Create | Villager (Male) |
| 16:53 | Build | House |
| 16:59 | Create | Villager (Male) |
| 17:01 | Build | Farm |
| 17:14 | Build | Farm |
| 17:19 | Create | Villager (Male) |
| 17:21 | Build | Farm |
| 17:25 | Create | Villager (Male) |
| 17:30 | Create | Villager (Male) |
| 17:35 | Build | House |
| 17:35 | Create | Villager (Male) |
| 17:42 | Build | House |
| 17:45 | Create | Villager (Male) |
| 17:47 | Build | Farm |
| 17:51 | Create | Villager (Male) |
| 18:00 | Create | Villager (Male) |
| 18:14 | Build | Palisade Wall |
| 18:16 | Create | Villager (Male) |
| 18:20 | Build | Town Center |
| 18:25 | Build | Town Center |
| 18:29 | Create | Villager (Male) |
| 18:32 | Create | Villager (Male) |
| 18:39 | Create | Villager (Male) |
| 18:42 | Create | Villager (Male) |
| 18:45 | Create | Villager (Male) |
| 18:57 | Build | Town Center |
| 18:58 | Create | Villager (Male) |
| 19:02 | Create | Villager (Male) |
| 19:05 | Build | Farm |
| 19:20 | Create | Villager (Male) |
| 19:23 | Create | Villager (Male) |
| 19:34 | Build | Lumber Camp |
| 19:35 | Create | Villager (Male) |
| 19:41 | Create | Villager (Male) |
| 19:45 | Research | Bow Saw |
| 19:50 | Build | Farm |
| 19:51 | Create | Villager (Male) |
| 19:56 | Create | Villager (Male) |
| 20:02 | Create | Villager (Male) |
| 20:10 | Research | Heavy Plow |
| 20:11 | Create | Villager (Male) |
| 20:12 | Create | Villager (Male) |
| 20:12 | Create | Villager (Male) |
| 20:20 | Create | Villager (Male) |
| 20:22 | Build | Farm |
| 20:28 | Build | Farm |
| 20:29 | Create | Villager (Male) |
| 20:34 | Build | Farm |
| 20:35 | Create | Villager (Male) |
| 20:40 | Build | Farm |
| 20:41 | Create | Villager (Male) |
| 20:43 | Build | House |
| 20:44 | Build | House |
| 20:45 | Create | Villager (Male) |
| 20:46 | Build | House |
| 20:50 | Create | Villager (Male) |
| 20:56 | Create | Villager (Male) |
| 21:00 | Build | Farm |
| 21:01 | Build | Farm |
| 21:02 | Build | Farm |
| 21:04 | Build | Farm |
| 21:06 | Build | Farm |
| 21:07 | Create | Villager (Male) |
| 21:10 | Create | Villager (Male) |
| 21:13 | Create | Villager (Male) |
| 21:13 | Create | Villager (Male) |
Build order — 明征北大将军
First 150 of 357 actions detected
| 0:01 | Create | Villager (Male) |
| 0:01 | Create | Villager (Male) |
| 0:03 | Build | House |
| 0:04 | Build | House |
| 0:21 | Research | Loom |
| 0:30 | Create | Villager (Male) |
| 0:33 | Create | Villager (Male) |
| 1:13 | Build | Palisade Wall |
| 1:48 | Build | House |
| 1:51 | Build | Palisade Wall |
| 1:57 | Build | Palisade Wall |
| 2:00 | Build | Palisade Wall |
| 2:01 | Build | Palisade Wall |
| 2:13 | Create | Villager (Male) |
| 2:46 | Create | Villager (Male) |
| 3:50 | Create | Villager (Male) |
| 4:24 | Build | Palisade Wall |
| 4:44 | Create | Villager (Male) |
| 5:09 | Create | Villager (Male) |
| 5:30 | Create | Villager (Male) |
| 5:36 | Build | Palisade Wall |
| 6:10 | Create | Villager (Male) |
| 6:39 | Create | Villager (Male) |
| 6:39 | Create | Villager (Male) |
| 6:40 | Create | Villager (Male) |
| 7:02 | Build | Palisade Wall |
| 7:25 | Create | Villager (Male) |
| 7:57 | Create | Villager (Male) |
| 8:34 | Create | Villager (Male) |
| 8:35 | Create | Villager (Male) |
| 8:50 | Build | House |
| 8:59 | Create | Villager (Male) |
| 9:18 | Build | Lumber Camp |
| 9:52 | Create | Villager (Male) |
| 9:53 | Create | Villager (Male) |
| 10:41 | Build | Mining Camp |
| 10:43 | Create | Villager (Male) |
| 10:44 | Create | Villager (Male) |
| 11:44 | Research | Feudal Age |
| 11:53 | Build | Mill |
| 12:38 | Build | Mill |
| 12:44 | Create | Villager (Male) |
| 12:45 | Create | Villager (Male) |
| 12:49 | Build | House |
| 12:51 | Build | House |
| 13:54 | Age | Feudal Age |
| 14:00 | Build | Watch Tower |
| 14:03 | Create | Villager (Male) |
| 14:14 | Research | Double-Bit Axe |
| 14:36 | Create | Villager (Male) |
| 15:01 | Create | Villager (Male) |
| 15:04 | Build | Blacksmith |
| 16:01 | Create | Villager (Male) |
| 16:03 | Research | Fletching |
| 16:27 | Create | Villager (Male) |
| 16:28 | Create | Villager (Male) |
| 17:07 | Create | Villager (Male) |
| 17:28 | Build | Stone Wall |
| 17:44 | Create | Villager (Male) |
| 17:49 | Build | Mining Camp |
| 18:01 | Build | Lumber Camp |
| 18:20 | Build | Stone Wall |
| 18:33 | Create | Villager (Male) |
| 18:59 | Create | Villager (Male) |
| 19:05 | Build | House |
| 19:06 | Build | House |
| 19:11 | Build | Market |
| 19:44 | Research | Castle Age |
| 20:33 | Research | Horse Collar |
| 21:21 | Build | Farm |
| 21:21 | Build | Farm |
| 21:21 | Build | Farm |
| 21:22 | Build | Farm |
| 21:27 | Build | Farm |
| 21:29 | Build | Farm |
| 21:54 | Build | Farm |
| 21:56 | Build | Farm |
| 22:00 | Build | Farm |
| 22:01 | Build | Farm |
| 22:24 | Age | Castle Age |
| 22:35 | Build | Castle |
| 22:52 | Create | Villager (Male) |
| 22:52 | Create | Villager (Male) |
| 23:06 | Build | Farm |
| 23:08 | Build | Farm |
| 23:35 | Create | Villager (Male) |
| 23:40 | Build | House |
| 23:41 | Build | House |
| 24:04 | Create | Villager (Male) |
| 24:31 | Create | Villager (Male) |
| 24:36 | Create | Villager (Male) |
| 24:58 | Build | Barracks |
| 25:03 | Create | Villager (Male) |
| 25:30 | Create | Villager (Male) |
| 25:41 | Build | Barracks |
| 26:44 | Create | Villager (Male) |
| 26:46 | Create | Villager (Male) |
| 26:59 | Build | Castle |
| 27:18 | Create | Villager (Male) |
| 27:20 | Create | Spearman |
| 27:21 | Create | Spearman |
| 27:22 | Create | Spearman |
| 27:23 | Create | Spearman |
| 27:25 | Research | Scale Mail Armor |
| 27:26 | Research | Forging |
| 27:31 | Build | Barracks |
| 27:55 | Create | Villager (Male) |
| 28:02 | Create | Spearman |
| 28:02 | Create | Spearman |
| 28:02 | Create | Spearman |
| 28:07 | Research | Chain Mail Armor |
| 28:32 | Create | Villager (Male) |
| 28:33 | Create | Villager (Male) |
| 28:41 | Build | Mining Camp |
| 28:49 | Create | Villager (Male) |
| 28:58 | Build | Farm |
| 28:58 | Build | Farm |
| 28:58 | Build | Farm |
| 28:59 | Build | Farm |
| 28:59 | Build | Farm |
| 29:00 | Build | Farm |
| 29:04 | Research | Squires |
| 29:09 | Create | Spearman |
| 29:09 | Create | Spearman |
| 29:48 | Create | Spearman |
| 29:48 | Create | Spearman |
| 29:49 | Create | Villager (Male) |
| 29:59 | Build | Town Center |
| 30:04 | Build | Farm |
| 30:06 | Build | Farm |
| 30:08 | Create | Villager (Male) |
| 30:41 | Create | Spearman |
| 30:42 | Create | Spearman |
| 30:42 | Create | Spearman |
| 30:42 | Create | Spearman |
| 30:43 | Create | Villager (Male) |
| 30:43 | Create | Villager (Male) |
| 31:05 | Create | Spearman |
| 31:05 | Create | Spearman |
| 31:06 | Create | Spearman |
| 31:13 | Build | Outpost |
| 31:20 | Build | Outpost |
| 31:26 | Create | Spearman |
| 31:27 | Create | Spearman |
| 31:27 | Create | Spearman |
| 31:27 | Create | Spearman |
| 31:28 | Create | Spearman |
| 31:41 | Create | Spearman |
| 31:41 | Create | Spearman |
| 31:55 | Create | Spearman |
Build order — 爹地给你买冰红茶喝
First 150 of 410 actions detected
| 0:00 | Research | Loom |
| 0:10 | Create | Villager (Male) |
| 0:10 | Create | Villager (Male) |
| 0:10 | Create | Villager (Male) |
| 0:30 | Build | House |
| 0:33 | Build | House |
| 1:03 | Build | Palisade Wall |
| 1:41 | Create | Villager (Male) |
| 2:14 | Build | Palisade Wall |
| 2:16 | Build | Palisade Wall |
| 2:18 | Build | Palisade Wall |
| 2:20 | Build | Palisade Wall |
| 2:29 | Build | Palisade Wall |
| 2:31 | Build | Palisade Wall |
| 2:33 | Build | Palisade Wall |
| 3:16 | Build | Palisade Wall |
| 3:29 | Build | Palisade Wall |
| 3:30 | Build | Palisade Wall |
| 3:40 | Build | Palisade Wall |
| 3:53 | Build | Lumber Camp |
| 3:54 | Create | Villager (Male) |
| 3:54 | Create | Villager (Male) |
| 4:01 | Create | Villager (Male) |
| 4:36 | Create | Villager (Male) |
| 4:53 | Build | House |
| 5:02 | Create | Villager (Male) |
| 5:27 | Build | Palisade Wall |
| 5:41 | Build | Palisade Wall |
| 5:50 | Create | Villager (Male) |
| 5:50 | Create | Villager (Male) |
| 6:20 | Build | Mill |
| 6:25 | Create | Villager (Male) |
| 7:14 | Create | Villager (Male) |
| 7:14 | Create | Villager (Male) |
| 7:43 | Create | Villager (Male) |
| 8:08 | Build | House |
| 8:13 | Create | Villager (Male) |
| 8:37 | Create | Villager (Male) |
| 9:10 | Create | Villager (Male) |
| 9:10 | Create | Villager (Male) |
| 9:18 | Create | Villager (Male) |
| 9:19 | Create | Villager (Male) |
| 9:19 | Create | Villager (Male) |
| 9:41 | Create | Villager (Male) |
| 9:41 | Create | Villager (Male) |
| 9:41 | Create | Villager (Male) |
| 9:45 | Create | Villager (Male) |
| 9:57 | Create | Villager (Male) |
| 10:14 | Create | Villager (Male) |
| 10:42 | Create | Villager (Male) |
| 10:42 | Create | Villager (Male) |
| 11:27 | Create | Villager (Male) |
| 11:28 | Create | Villager (Male) |
| 11:45 | Create | Villager (Male) |
| 11:45 | Create | Villager (Male) |
| 11:51 | Research | Feudal Age |
| 12:01 | Build | Mining Camp |
| 12:48 | Create | Villager (Male) |
| 12:49 | Create | Villager (Male) |
| 13:41 | Build | House |
| 14:15 | Age | Feudal Age |
| 14:21 | Build | Watch Tower |
| 14:26 | Build | Blacksmith |
| 14:29 | Build | Market |
| 14:43 | Build | Mining Camp |
| 15:10 | Research | Castle Age |
| 15:10 | Research | Castle Age |
| 15:25 | Research | Fletching |
| 15:25 | Research | Fletching |
| 15:45 | Research | Stone Mining |
| 16:39 | Build | Lumber Camp |
| 17:09 | Create | Villager (Male) |
| 17:30 | Create | Villager (Male) |
| 17:50 | Age | Castle Age |
| 17:54 | Create | Villager (Male) |
| 18:02 | Research | Double-Bit Axe |
| 18:02 | Research | Double-Bit Axe |
| 18:09 | Create | Villager (Male) |
| 18:50 | Research | Horse Collar |
| 18:50 | Research | Horse Collar |
| 18:56 | Build | Farm |
| 18:56 | Build | Farm |
| 19:01 | Build | Farm |
| 19:19 | Build | Farm |
| 19:20 | Build | Farm |
| 19:26 | Build | Farm |
| 19:37 | Create | Villager (Male) |
| 19:38 | Create | Villager (Male) |
| 19:42 | Build | House |
| 19:52 | Build | Castle |
| 20:11 | Research | Bow Saw |
| 20:12 | Research | Bow Saw |
| 20:21 | Create | Villager (Male) |
| 20:25 | Create | Villager (Male) |
| 20:27 | Build | Farm |
| 20:27 | Build | Farm |
| 20:33 | Build | Farm |
| 20:54 | Create | Villager (Male) |
| 20:56 | Build | Farm |
| 21:14 | Build | House |
| 21:17 | Build | House |
| 21:20 | Create | Villager (Male) |
| 21:30 | Build | Farm |
| 21:43 | Create | Villager (Male) |
| 21:52 | Build | Farm |
| 21:55 | Create | Villager (Male) |
| 22:22 | Create | Villager (Male) |
| 22:28 | Build | Town Center |
| 22:38 | Create | Villager (Male) |
| 22:50 | Create | Villager (Male) |
| 22:53 | Build | Siege Workshop |
| 23:01 | Create | Villager (Male) |
| 23:12 | Create | Villager (Male) |
| 23:17 | Build | Farm |
| 23:18 | Build | Farm |
| 23:23 | Build | Farm |
| 23:27 | Create | Villager (Male) |
| 23:44 | Create | Villager (Male) |
| 24:00 | Build | Town Center |
| 24:02 | Create | Villager (Male) |
| 24:13 | Build | Farm |
| 24:20 | Create | Villager (Male) |
| 24:25 | Build | Farm |
| 24:25 | Build | Farm |
| 24:25 | Build | Farm |
| 24:26 | Build | Farm |
| 24:33 | Create | Villager (Male) |
| 24:35 | Create | Villager (Male) |
| 24:36 | Create | Villager (Male) |
| 24:39 | Create | Battering Ram |
| 24:53 | Create | Villager (Male) |
| 24:58 | Create | Villager (Male) |
| 25:07 | Create | Plumed Archer |
| 25:20 | Create | Villager (Male) |
| 25:23 | Create | Villager (Male) |
| 25:41 | Build | Stone Wall |
| 25:50 | Build | Stone Wall |
| 25:54 | Build | Stone Wall |
| 25:57 | Build | Stone Wall |
| 26:17 | Build | Stone Wall |
| 26:20 | Create | Villager (Male) |
| 26:21 | Create | Villager (Male) |
| 26:24 | Create | Villager (Male) |
| 26:29 | Build | House |
| 26:30 | Build | House |
| 26:30 | Build | House |
| 26:31 | Build | House |
| 26:31 | Build | House |
| 26:31 | Build | House |
| 26:31 | Build | House |
Match timeline
| 1:03 | 爹地给你买冰红茶喝 · wall_segment Palisade Wall x9 |
| 1:08 | Malleeroot · wall_segment Palisade Wall x5 |
| 1:13 | 明征北大将军 · wall_segment Palisade Wall x3 |
| 1:42 | trudat · wall_segment Palisade Wall x1 |
| 1:51 | 明征北大将军 · wall_segment Palisade Wall x1 |
| 1:57 | 明征北大将军 · wall_segment Palisade Wall x1 |
| 2:00 | 明征北大将军 · wall_segment Palisade Wall x1 |
| 2:01 | 明征北大将军 · wall_segment Palisade Wall x1 |
| 2:14 | 爹地给你买冰红茶喝 · wall_segment Palisade Wall x1 |
| 2:16 | 爹地给你买冰红茶喝 · wall_segment Palisade Wall x1 |
| 2:18 | 爹地给你买冰红茶喝 · wall_segment Palisade Wall x1 |
| 2:20 | 爹地给你买冰红茶喝 · wall_segment Palisade Wall x1 |
| 2:29 | 爹地给你买冰红茶喝 · wall_segment Palisade Wall x1 |
| 2:31 | 爹地给你买冰红茶喝 · wall_segment Palisade Wall x1 |
| 2:33 | 爹地给你买冰红茶喝 · wall_segment Palisade Wall x1 |
| 3:16 | 爹地给你买冰红茶喝 · wall_segment Palisade Wall x1 |
| 3:27 | Malleeroot · wall_segment Palisade Wall x8 |
| 3:29 | 爹地给你买冰红茶喝 · wall_segment Palisade Wall x1 |
| 3:30 | 爹地给你买冰红茶喝 · wall_segment Palisade Wall x1 |
| 3:40 | 爹地给你买冰红茶喝 · wall_segment Palisade Wall x1 |
| 3:47 | trudat · wall_segment Palisade Wall x7 |
| 4:24 | 明征北大将军 · wall_segment Palisade Wall x3 |
| 4:48 | Malleeroot · wall_segment Palisade Wall x3 |
| 5:02 | 鼠條 · wall_segment Palisade Wall x5 |
| 5:03 | 鼠條 · wall_segment Palisade Wall x4 |
| 5:27 | 爹地给你买冰红茶喝 · wall_segment Palisade Wall x1 |
| 5:36 | 明征北大将军 · wall_segment Palisade Wall x1 |
| 5:41 | 爹地给你买冰红茶喝 · wall_segment Palisade Wall x1 |
| 7:02 | 明征北大将军 · wall_segment Palisade Wall x1 |
| 7:47 | 果酱汁鸡 · wall_segment Palisade Wall x1 |
| 7:51 | Malleeroot · wall_segment Palisade Wall x1 |
| 7:53 | Malleeroot · wall_segment Palisade Wall x1 |
| 8:07 | Malleeroot · wall_segment Palisade Wall x1 |
| 8:16 | trudat · wall_segment Palisade Wall x1 |
| 8:17 | Malleeroot · wall_segment Palisade Wall x1 |
| 8:35 | 鼠條 · wall_segment Palisade Wall x1 |
| 8:36 | 鼠條 · wall_segment Palisade Wall x3 |
| 8:37 | 鼠條 · wall_segment Palisade Wall x5 |
| 9:03 | trudat · wall_segment Palisade Wall x7 |
| 9:04 | trudat · wall_segment Palisade Wall x1 |
| 9:07 | Malleeroot · wall_segment Palisade Wall x1 |
| 9:59 | 果酱汁鸡 · wall_segment Palisade Wall x4 |
| 10:01 | 果酱汁鸡 · wall_segment Palisade Wall x4 |
| 10:02 | 果酱汁鸡 · wall_segment Palisade Wall x6 |
| 10:05 | 叶落 · age_up feudal |
| 10:25 | 鼠條 · age_up feudal |
| 10:55 | 叶落 · first_market_sell 100 wood |
| 11:22 | 鲨丁鱼 · age_up feudal |
| 11:56 | Malleeroot · age_up feudal |
| 12:00 | 果酱汁鸡 · age_up feudal |
| 12:24 | Malleeroot · wall_segment Stone Wall x5 |
| 12:25 | Malleeroot · wall_segment Stone Wall x5 |
| 13:02 | trudat · age_up feudal |
| 13:36 | 叶落 · age_up castle |
| 13:36 | 鼠條 · age_up castle |
| 13:46 | Malleeroot · first_market_buy 100 food |
| 13:49 | Malleeroot · first_market_sell 100 wood |
| 13:54 | 明征北大将军 · age_up feudal |
| 14:09 | 鲨丁鱼 · first_market_buy 100 wood |
| 14:15 | 爹地给你买冰红茶喝 · age_up feudal |
| 14:58 | 鲨丁鱼 · age_up castle |
| 15:41 | 果酱汁鸡 · age_up castle |
| 15:43 | 果酱汁鸡 · first_building Monastery |
| 15:51 | 鲨丁鱼 · first_market_sell 100 food |
| 16:39 | trudat · age_up castle |
| 16:41 | Malleeroot · age_up castle |
| 17:28 | 明征北大将军 · wall_segment Stone Wall x9 |
| 17:33 | Malleeroot · first_building Castle |
| 17:50 | 爹地给你买冰红茶喝 · age_up castle |
| 18:14 | 叶落 · wall_segment Palisade Wall x1 |
| 18:14 | trudat · first_market_buy 100 stone |
| 18:20 | 明征北大将军 · wall_segment Stone Wall x1 |
| 18:26 | trudat · first_building Castle |
| 18:40 | trudat · first_building Siege Workshop |
| 18:48 | 果酱汁鸡 · first_market_sell 100 stone |
| 19:03 | 鼠條 · wall_segment Stone Wall x3 |
| 19:06 | 鲨丁鱼 · first_building Monastery |
| 19:09 | 鼠條 · wall_segment Stone Wall x3 |
| 19:11 | 鼠條 · wall_segment Stone Wall x11 |
| 19:32 | 果酱汁鸡 · first_market_buy 100 food |
| 19:35 | 爹地给你买冰红茶喝 · first_market_buy 100 food |
| 19:45 | Malleeroot · wall_segment Stone Wall x8 |
| 19:52 | 爹地给你买冰红茶喝 · first_building Castle |
| 20:31 | 果酱汁鸡 · first_building Siege Workshop |
| 21:35 | 鼠條 · first_building Monastery |
| 21:53 | Malleeroot · first_building Monastery |
| 22:11 | trudat · wall_segment Stone Wall x1 |
| 22:19 | trudat · wall_segment Stone Wall x6 |
| 22:24 | 明征北大将军 · age_up castle |
| 22:35 | 明征北大将军 · first_building Castle |
| 22:44 | 果酱汁鸡 · age_up imperial |
| 22:53 | 爹地给你买冰红茶喝 · first_building Siege Workshop |
| 22:56 | 叶落 · first_building Monastery |
| 23:26 | trudat · first_building Barracks |
| 24:42 | trudat · first_building Archery Range |
| 24:58 | 明征北大将军 · first_building Barracks |
| 25:06 | 鼠條 · wall_segment Stone Wall x7 |
| 25:17 | 叶落 · first_market_buy 100 wood |
| 25:37 | 爹地给你买冰红茶喝 · first_market_sell 100 wood |
| 25:41 | 爹地给你买冰红茶喝 · wall_segment Stone Wall x4 |
| 25:49 | 果酱汁鸡 · first_building Barracks |
| 25:50 | 爹地给你买冰红茶喝 · wall_segment Stone Wall x3 |
| 25:54 | 爹地给你买冰红茶喝 · wall_segment Stone Wall x5 |
| 25:57 | 爹地给你买冰红茶喝 · wall_segment Stone Wall x4 |
| 26:15 | 叶落 · first_building Barracks |
| 26:17 | 爹地给你买冰红茶喝 · wall_segment Stone Wall x4 |
| 26:30 | 鲨丁鱼 · first_building Barracks |
| 26:35 | 叶落 · first_building Stable |
| 26:38 | 鼠條 · first_building Castle |
| 26:42 | 爹地给你买冰红茶喝 · wall_segment Stone Wall x1 |
| 27:04 | 爹地给你买冰红茶喝 · wall_segment Stone Wall x1 |
| 27:09 | 爹地给你买冰红茶喝 · wall_segment Stone Wall x1 |
| 27:17 | trudat · first_market_sell 100 wood |
| 27:27 | 鼠條 · wall_segment Stone Wall x8 |
| 27:52 | 爹地给你买冰红茶喝 · wall_segment Stone Wall x4 |
| 28:00 | 爹地给你买冰红茶喝 · wall_segment Stone Wall x3 |
| 28:04 | 鼠條 · first_building Barracks |
| 28:06 | 爹地给你买冰红茶喝 · wall_segment Stone Wall x6 |
| 28:13 | 爹地给你买冰红茶喝 · wall_segment Stone Wall x3 |
| 28:40 | 爹地给你买冰红茶喝 · wall_segment Stone Wall x5 |
| 28:44 | 鲨丁鱼 · first_building Castle |
| 28:55 | 叶落 · age_up imperial |
| 28:59 | 鼠條 · wall_segment Stone Wall x9 |
| 29:00 | 爹地给你买冰红茶喝 · wall_segment Stone Wall x5 |
| 29:13 | 爹地给你买冰红茶喝 · wall_segment Stone Wall x10 |
| 29:20 | 鲨丁鱼 · age_up imperial |
| 29:39 | 鼠條 · first_building Stable |
| 30:38 | 鼠條 · age_up imperial |
| 30:56 | trudat · age_up imperial |
| 31:01 | 爹地给你买冰红茶喝 · first_building Barracks |
| 31:45 | 叶落 · first_building Castle |
| 31:46 | 爹地给你买冰红茶喝 · first_building Archery Range |
| 32:58 | Malleeroot · first_building Barracks |
| 33:27 | trudat · first_building Monastery |
| 34:25 | Malleeroot · age_up imperial |
| 34:29 | 鲨丁鱼 · first_building Stable |
| 35:20 | 叶落 · tribute_sent a jugador 1 |
| 35:20 | 叶落 · tribute_sent a jugador 2 |
| 35:20 | 叶落 · tribute_sent a jugador 3 |
| 35:20 | 叶落 · tribute_sent a jugador 4 |
| 35:20 | 叶落 · tribute_sent a jugador 6 |
| 35:20 | 叶落 · tribute_sent a jugador 7 |
| 35:20 | 叶落 · tribute_sent a jugador 8 |
| 35:41 | 叶落 · tribute_sent a jugador 1 |
| 35:41 | 叶落 · tribute_sent a jugador 2 |
| 35:41 | 叶落 · tribute_sent a jugador 3 |
| 35:41 | 叶落 · tribute_sent a jugador 4 |
| 35:41 | 叶落 · tribute_sent a jugador 6 |
| 35:41 | 叶落 · tribute_sent a jugador 7 |
| 35:41 | 叶落 · tribute_sent a jugador 8 |
| 38:52 | 爹地给你买冰红茶喝 · age_up imperial |
| 39:54 | 明征北大将军 · first_market_buy 100 stone |
| 41:06 | 明征北大将军 · first_building Siege Workshop |
| 41:38 | 鼠條 · first_market_sell 500 food |
| 41:39 | 鼠條 · first_market_buy 100 stone |
| 42:30 | Malleeroot · wall_segment Stone Wall x10 |
| 42:34 | Malleeroot · wall_segment Stone Wall x14 |
| 44:03 | Malleeroot · wall_segment Stone Wall x12 |
| 44:34 | 爹地给你买冰红茶喝 · first_building Monastery |
| 45:07 | 果酱汁鸡 · resign |
[ AI ANALYSIS · 1 CREDIT ]
What really happened in this match?
Wolo.gg analyzes every decision: build order, eco, micro, common mistakes by bracket. Personalized analysis on WhatsApp or Discord in 30 seconds.
Civ guide
Bohemians
Perfil
Jugador #11657899